 Dungeon Crawl Stone Soup version 0.24.0-28-g17ded55e90 (webtiles) character file.

Game seed: 6256728653498470979, levelgen mode: deterministic

198 Curus the Spear-Bearer (level 5, -8/38 HPs)
             Began as a Merfolk Gladiator on Nov 13, 2019.
             Was an Initiate of Makhleb.
             Killed by divine providence
             ... invoked by an orc priest
              (9 damage)
             ... on level 3 of the Dungeon.
             The game lasted 00:10:54 (2063 turns).

Curus the Spear-Bearer (Merfolk Gladiator)          Turns: 2063, Time: 00:10:54

Health: -8/38      AC:  4    Str: 14    XL:     5   Next: 76%
Magic:  4/4        EV: 14    Int:  8    God:    Makhleb [......]
Gold:   132        SH:  2    Dex: 16    Spells: 4/4 levels left

rFire    . . .     SeeInvis .   a - +0 trident
rCold    . . .     Gourm    .   (no shield)
rNeg     . . .     Faith    .   b - +0 leather armour
rPois    .         Spirit   .   c - +0 helmet
rElec    .         Reflect  +   (no cloak)
rCorr    .         Harm     .   (no gloves)
MR       .....                  (no boots)
Stlth    +.........             e - +2 amulet of reflection
HPRegen  0.12/turn              (no ring)
MPRegen  0.09/turn              (no ring)

@: no status effects
A: change form in water, swift swim, stealthy swim, low mp 1, mutation
resistance 1, MP-powered wands
a: Renounce Religion


You were on level 3 of the Dungeon.
You worshipped Makhleb.
Makhleb was noncommittal.
You were not hungry.

You visited 1 branch of the dungeon, and saw 3 of its levels.

You collected 132 gold pieces.

Inventory:

Hand Weapons
 a - a +0 trident (weapon)
Missiles
 d - 3 throwing nets (quivered)
Armour
 b - a +0 leather armour (worn)
 c - a +0 helmet (worn)
Jewellery
 e - a +2 amulet of reflection (around neck)
 g - an uncursed ring of ice
Scrolls
 i - a scroll of teleportation
 k - a scroll of identify
Potions
 j - a potion of curing
Comestibles
 f - 3 rations
 l - a chunk of flesh


   Skills:
 - Level 2.1 Fighting
 + Level 9.1 Polearms
 - Level 2.0 Throwing
 - Level 4.0 Dodging


You had 4 spell levels left.
You didn't know any spells.
Your spell library contained the following spells:

 Spells                   Type           Power        Failure   Level  Hunger
 Confusing Touch          Hex            #.....       50%         1    ##.....
 Confuse                  Hex            #.......     86%         3    ####...
 Gell's Gravitas          Tloc           #.........   86%         3    ####...
 Petrify                  Tmut/Erth      #.......     99%         4    #####..
 Metabolic Englaciation   Hex/Ice        #.........   100%        5    ######.
 Yara's Violent Unravell  Hex/Tmut       #.........   100%        5    ######.


Dungeon Overview and Level Annotations

Branches:
Dungeon (3/15)

Altars:
Fedhas
Makhleb
Yredelemnul


Innate Abilities, Weirdness & Mutations

You revert to your normal form in water.
You are very nimble and swift while swimming.
You are very stealthy in the water. (Stealth+)
Your magical capacity is low. (-10% MP)
You are somewhat resistant to further mutation.
You expend magic power (3 MP) to strengthen your wands.


Message History

You reach to attack!
You closely miss the orc priest.
The orc priest is lightly wounded.
The orc priest miscasts a cantrip.
Attack whom?
Press: ? - help, Dir - move target cursor, f/p - orc priest
Aim: an orc priest, wielding a +0 trident and wearing a +0 leather armour (lightly wounded)
You reach to attack!
You hit the orc priest.
The orc priest is heavily wounded.
The orc priest looks satisfied for a moment.
The orc priest mumbles some strange prayers to Beogh against you.
Beogh smites you!
* * * LOW HITPOINT WARNING * * *
Attack whom?
Press: ? - help, Dir - move target cursor, f/p - orc priest
Aim: an orc priest, wielding a +0 trident and wearing a +0 leather armour (heavily wounded)
You reach to attack!
You hit the orc priest.
The orc priest is severely wounded.
The orc priest mumbles some strange prayers to Beogh against you.
Beogh smites you!
You die...

....# #.#......#
#..###### #####
#.###.####
#..>..... #.#
#.######..######
#.###.........#
#....<.........#
######.######..#
#.# #..#
#####.######..####
#)@.......##..##..
#†###.........##.##
.o. #####.#...##.#.
#.##o #......#.#. #
#. #.#(..##... #.
#.....))... ..
####.#####. ### #.
#.# ## #.# ##'# ..#


You could see 2 orc priests.

Vanquished Creatures
  An ogre (D:2)
  An orc wizard (D:3)
  3 adders (D:2)
  3 leopard geckos
  5 orcs (D:3)
  8 bats
  3 giant cockroaches
  6 hobgoblins
  4 jackals (D:1)
  2 quokkas
  2 ball pythons (D:3)
  2 goblins
  5 kobolds
  3 rats
48 creatures vanquished.

Vanquished Creatures (others)
  4 toadstools (D:1)
4 creatures vanquished.

Grand Total: 52 creatures vanquished

Notes
Turn   | Place    | Note
-------+----------+-------------------------------------------
     0 | D:1      | Curus the Merfolk Gladiator began the quest for the Orb.
     0 | D:1      | Reached XP level 1. HP: 16/16 MP: 1/1
   127 | D:1      | Reached skill level 5 in Polearms
   130 | D:1      | Reached XP level 2. HP: 19/22 MP: 2/2
   461 | D:1      | Gained mutation: Your magical capacity is low. (-10% MP)
                  | [potion of mutation]
   461 | D:1      | Gained mutation: You expend magic power (3 MP) to
                  | strengthen your wands. [potion of mutation]
   461 | D:1      | Gained mutation: You are somewhat resistant to further
                  | mutation. [potion of mutation]
   731 | D:2      | Reached skill level 6 in Polearms
   731 | D:2      | Reached XP level 3. HP: 27/27 MP: 2/2
  1086 | D:3      | Noticed an ogre
  1108 | D:2      | Killed an ogre
  1108 | D:2      | Reached skill level 8 in Polearms
  1108 | D:2      | Reached XP level 4. HP: 14/33 MP: 3/3
  1108 | D:2      | Reached XP level 5. HP: 16/38 MP: 4/4
  1589 | D:3      | Found a blossoming altar of Fedhas.
  1932 | D:3      | Reached skill level 9 in Polearms
  1998 | D:3      | Found a burning altar of Makhleb.
  2004 | D:3      | Became a worshipper of Makhleb the Destroyer
  2010 | D:3      | Found a basalt altar of Yredelemnul.
  2062 | D:3      | HP: 1/38 [orc priest/divine providence (9)]
  2063 | D:3      | Killed from afar by an orc priest

Levels and vault maps discovered:
D:1:      ldierk_water_garden, layout_basic
D:2:      layout_basic
D:3:      layout_loops_corners, marbit_many_paths, lemuel_round_altar,
          yredelemnul_altar_generic, overflow_temple_1_default

Skill      XL: |  1  2  3  4  5 |
---------------+----------------+-----
Polearms       | 5 6 8 9 |  9.1
Fighting       | |  2.1
Throwing       | |  2.0
Dodging        | |  4.0

Action                   |  1- 3 |  4- 6 || total
-------------------------+-------+-------++-------
Melee: Trident           |    87 |   105 ||   192
  Use: Scroll            |     2 |     2 ||     4
       Potion            |     4 |     4 ||     8
 Stab: Sleeping          |     2 |     2 ||     4
  Eat: Chunk             |       |     4 ||     4
Armor: Leather armour    |    23 |    15 ||    38
Dodge: Dodged            |    74 |    35 ||   109
Block: Other             |     1 |     4 ||     5
       Reflection        |       |     1 ||     1
